[Event "Titled Tuesday Blitz August 02 Late 2022"]
[White "Sohier, Julien"]
[Black "Maltsevskaya, Aleksandra"]
[WhiteFideId "645346"]
[BlackFideId "24174041"]
[WhiteElo "2209"]
[BlackElo "2243"]
[Result "0-1"]
[Round "09"]
[TimeControl "180+1"]
[Date "2022.08.02"]
[WhiteClock "0:00:10"]
[BlackClock "0:00:15"]

1. e4 c5 2. Nc3 e6 3. Nf3 Nc6 4. Bb5 Nd4 5. O-O a6 6. Bd3 Nc6 7. Nd5 d6 8. Ne3 Nf6 9. c3 b5 10. a4 Rb8 11. axb5 axb5 12. Bc2 c4 13. b3 cxb3 14. Bb1 Na5 15. Re1 Be7 16. Ba3 O-O 17. Bb4 Nc6 18. Qxb3 Nxb4 19. cxb4 Bb7 20. Nd1 d5 21. e5 Nd7 22. d4 g6 23. Ne3 Qc7 24. Ng4 h5 25. Qe3 hxg4 26. Qh6 Rfc8 27. Bxg6 Nf8 28. Bd3 gxf3 29. gxf3 Qc3 30. Rad1 Rc4 31. Kh1 Rxd4 32. Rg1+ Ng6 33. Bxg6 Qxf3+ 0-1


[Site "https://www.chess.com"]

[Event "Titled Tuesday Blitz August 02 Late 2022"]
[White "Steinberg, Nitzan"]
[Black "Yanchenko, Roman"]
[WhiteFideId "2801795"]
[BlackFideId "4137329"]
[WhiteElo "2471"]
[BlackElo "2514"]
[Result "0-1"]
[Round "09"]
[TimeControl "180+1"]
[Date "2022.08.02"]
[WhiteClock "0:00:07"]
[BlackClock "0:00:19"]

1. e4 e6 2. Nf3 d5 3. exd5 exd5 4. d4 Nf6 5. Bd3 c5 6. O-O c4 7. Re1+ Be7 8. Bf1 O-O 9. b3 cxb3 10. axb3 Nc6 11. c3 Bf5 12. h3 a6 13. Bf4 Rc8 14. Bd3 Be4 15. Ng5 Bxd3 16. Qxd3 h6 17. Nf3 Ne4 18. Nbd2 f5 19. Rac1 Ba3 20. Rc2 Bd6 21. Bxd6 Qxd6 22. Rcc1 Rce8 23. Re3 Rf6 24. Rce1 Rfe6 25. b4 R6e7 26. Nb3 Nd8 27. Nc5 Nf7 28. Qc2 Qc6 29. Qa2 Kh7 30. Qc2 Kg8 31. Nd2 Qd6 32. Nd3 f4 33. R3e2 Nfg5 34. f3 Ng3 35. Rxe7 Rxe7 36. Ne5 Nf7 37. Nd3 Rxe1+ 38. Nxe1 Qe7 39. Qd1 Qe3+ 40. Kh2 Qxd2 41. Qxd2 Nf1+ 42. Kg1 Nxd2 43. Kf2 Nc4 44. Nd3 g5 45. Nc5 Nfd6 46. Ke2 Kf7 47. Kd3 a5 48. bxa5 Nxa5 49. Nd7 Nf5 50. Ne5+ Ke6 51. Ng4 h5 52. Ne5 Nh4 53. Ke2 Nxg2 54. Kf2 Nh4 55. Nd3 b6 56. Nb4 Nc4 57. Nd3 Nd2 58. Ne5 Nhxf3 59. Nxf3 Nxf3 60. Kxf3 Kf5 61. Kf2 g4 62. hxg4+ hxg4 63. Ke2 Ke4 0-1


[Site "https://www.chess.com"]

[Event "Titled Tuesday Blitz August 02 Late 2022"]
[White "Svane, Frederik"]
[Black "Salem, A.R. Saleh"]
[WhiteFideId "12923044"]
[BlackFideId "9301348"]
[WhiteElo "2459"]
[BlackElo "2679"]
[Result "0-1"]
[Round "09"]
[TimeControl "180+1"]
[Date "2022.08.02"]
[WhiteClock "0:00:01"]
[BlackClock "0:01:34"]

1. e4 c5 2. Nf3 e6 3. g3 Nc6 4. Bg2 d5 5. exd5 exd5 6. O-O Nf6 7. d4 cxd4 8. Nxd4 Be7 9. Nc3 O-O 10. Be3 Bg4 11. Qd2 Qd7 12. Nxc6 bxc6 13. Na4 Rfe8 14. Rfe1 Rad8 15. Bc5 h5 16. Bxe7 Rxe7 17. Nc5 Qd6 18. Rxe7 Qxe7 19. b4 Re8 20. h3 Bf5 21. c3 Qe5 22. a4 h4 23. g4 Bxg4 24. hxg4 Nxg4 25. Nd3 Qh2+ 26. Kf1 h3 27. Bf3 Ne3+ 28. Qxe3 Rxe3 29. fxe3 Qd2 30. Ne1 Qxc3 31. Ra2 Qxb4 32. Rh2 Qh4 33. Bg2 hxg2+ 0-1


[Site "https://www.chess.com"]

[Event "Titled Tuesday Blitz August 02 Late 2022"]
[White "Swiercz, Dariusz"]
[Black "Sjugirov, Sanan"]
[WhiteFideId "1126881"]
[BlackFideId "4189302"]
[WhiteElo "2627"]
[BlackElo "2609"]
[Result "0-1"]
[Round "09"]
[TimeControl "180+1"]
[Date "2022.08.02"]
[WhiteClock "0:00:04"]
[BlackClock "0:00:05"]

1. Nf3 c5 2. c3 b6 3. d4 Bb7 4. Bf4 Nf6 5. e3 e6 6. h3 Be7 7. Bd3 cxd4 8. exd4 d6 9. O-O Nbd7 10. Bh2 O-O 11. Nbd2 a6 12. a4 Re8 13. Re1 Qc7 14. Ng5 h6 15. Nge4 Nxe4 16. Nxe4 Nf6 17. Nxf6+ Bxf6 18. Qg4 Bc6 19. Bf4 Kf8 20. Qg3 e5 21. Be3 Qb7 22. Qg4 e4 23. Bc2 d5 24. f3 Qd7 25. Qg3 Qe7 26. Rf1 Bh4 27. Qg4 Bg5 28. Rae1 exf3 29. Rxf3 Bxe3+ 30. Rfxe3 Qxe3+ 31. Rxe3 Rxe3 32. Qf4 Re6 33. Bf5 Rf6 34. g4 Bxa4 35. Qc7 Kg8 36. h4 Rf8 37. h5 Bb5 38. Qb7 Bc4 39. Qc7 a5 40. Qd7 Ba6 41. Kg2 Bc8 42. Qxd5 Be6 43. Qe5 Bxf5 44. gxf5 Rd8 45. d5 Rfd6 46. c4 a4 47. Kf3 b5 48. c5 Rxd5 49. Qe7 Rxf5+ 50. Kg4 Rg5+ 51. Kf3 Rf5+ 52. Ke4 Rfd5 53. c6 Rd4+ 54. Ke3 Rd3+ 55. Ke2 Rd2+ 56. Ke3 R8d3+ 57. Kf4 Rd4+ 58. Ke3 R4d3+ 59. Kf4 Rf2+ 60. Kg4 f5+ 61. Kh4 Rf4# 0-1


[Site "https://www.chess.com"]

[Event "Titled Tuesday Blitz August 02 Late 2022"]
[White "Tanenbaum, Zachary"]
[Black "Vovk, Orest"]
[WhiteFideId "2060850"]
[BlackFideId "14113490"]
[WhiteElo "2175"]
[BlackElo "2203"]
[Result "0-1"]
[Round "09"]
[TimeControl "180+1"]
[Date "2022.08.02"]
[WhiteClock "0:00:02"]
[BlackClock "0:00:20"]

1. e4 g5 2. d4 h6 3. h4 g4 4. Qxg4 d5 5. Qf3 dxe4 6. Qxe4 Nf6 7. Qd3 Nc6 8. Nf3 Bg4 9. c3 Qd5 10. Bf4 O-O-O 11. Nbd2 Rg8 12. Qb5 Qe6+ 13. Ne5 Nd5 14. Bg3 f6 15. Ne4 a6 16. Qb3 Na5 17. Qa4 fxe5 18. Qxa5 exd4 19. f3 Bxf3 20. gxf3 Rxg3 21. Kf2 Rxf3+ 22. Kxf3 Qf5+ 23. Kg3 Qxe4 24. Bh3+ e6 25. Rae1 Bd6+ 26. Kf2 Rf8+ 27. Kg1 Rg8+ 28. Kf2 Bg3+ 29. Kf1 Qf3+ 30. Kg1 Qf2# 0-1


[Site "https://www.chess.com"]

[Event "Titled Tuesday Blitz August 02 Late 2022"]
[White "Tica, Sven"]
[Black "Lobanov, Sergei"]
[WhiteFideId "14526948"]
[BlackFideId "24183750"]
[WhiteElo "2346"]
[BlackElo "2524"]
[Result "1-0"]
[Round "09"]
[TimeControl "180+1"]
[Date "2022.08.02"]
[WhiteClock "0:00:20"]
[BlackClock "0:00:52"]

1. e4 e5 2. f4 exf4 3. Nf3 h6 4. d4 g5 5. Nc3 d6 6. g3 fxg3 7. hxg3 Bg7 8. Be3 Nc6 9. Bc4 Nf6 10. Qd3 Bg4 11. Rf1 Qe7 12. O-O-O O-O-O 13. Bb5 Nb8 14. Rde1 a6 15. Ba4 Nbd7 16. Bb3 Bh5 17. Bg1 Bg6 18. Qe2 Nb6 19. d5 Nfd7 20. Nd4 Nc5 21. Nc6 Nxb3+ 22. axb3 bxc6 23. dxc6 Rde8 24. Qxa6+ Kd8 25. Bxb6 cxb6 26. Qa8+ 1-0


[Site "https://www.chess.com"]

[Event "Titled Tuesday Blitz August 02 Late 2022"]
[White "Vasquez Schroeder, Rodrigo"]
[Black "Andreikin, Dmitry"]
[WhiteFideId "3400042"]
[BlackFideId "4158814"]
[WhiteElo "2567"]
[BlackElo "2736"]
[Result "0-1"]
[Round "09"]
[TimeControl "180+1"]
[Date "2022.08.02"]
[WhiteClock "0:00:07"]
[BlackClock "0:00:13"]

1. e4 c5 2. Nf3 e6 3. d4 cxd4 4. Nxd4 Nc6 5. Nb5 d6 6. c4 Nf6 7. N1c3 a6 8. Na3 Be7 9. Be2 O-O 10. O-O Ne5 11. Be3 b6 12. Rc1 Bb7 13. f3 d5 14. cxd5 exd5 15. Nxd5 Bxd5 16. exd5 Nxd5 17. Bd4 Bf6 18. Kh1 Nf4 19. Nc2 b5 20. Re1 Rc8 21. Bf1 Neg6 22. Bxf6 Qxf6 23. Nb4 Qxb2 24. Nxa6 h5 25. g3 Ne6 26. Rb1 Qa3 27. Nb4 Rfd8 28. Qb3 Qa8 29. Rbd1 h4 30. Bg2 Rxd1 31. Rxd1 Rd8 32. f4 Rxd1+ 33. Qxd1 Qa3 34. Qe1 Ne7 35. Bh3 Nxf4 36. gxf4 Qxh3 37. Kg1 Qg4+ 38. Kh1 Qxf4 39. Kg1 Qg4+ 40. Kf1 Qf3+ 41. Kg1 h3 42. Qf1 Qg4+ 43. Kf2 Qxb4 44. Qxh3 Qb2+ 45. Kg1 Qa1+ 46. Kg2 Qxa2+ 47. Kh1 Qb1+ 48. Kg2 Qc2+ 49. Kg1 Qd1+ 50. Kf2 Qd2+ 51. Kf1 Qf4+ 52. Ke1 Qe4+ 53. Kd2 Qd4+ 54. Kc1 b4 55. Qg2 Qc3+ 56. Kb1 b3 57. Qa8+ Qc8 58. Qe4 Qc2+ 59. Qxc2 bxc2+ 60. Kxc2 Kh7 0-1


[Site "https://www.chess.com"]

[Event "Titled Tuesday Blitz August 02 Late 2022"]
[White "Vrbljanac, Aleksandar"]
[Black "Chiu, Isaac"]
[WhiteFideId "932817"]
[BlackFideId "30900654"]
[WhiteElo "2309"]
[BlackElo "2181"]
[Result "0-1"]
[Round "09"]
[TimeControl "180+1"]
[Date "2022.08.02"]
[WhiteClock "0:00:14"]
[BlackClock "0:00:18"]

1. e4 c6 2. Nf3 d5 3. Nc3 Nf6 4. e5 Ne4 5. Ne2 Qb6 6. d4 c5 7. c3 Nc6 8. Ng3 Nxg3 9. hxg3 Bg4 10. dxc5 Qxc5 11. Be3 Qa5 12. a4 e6 13. Bb5 a6 14. Bxc6+ bxc6 15. b4 Qc7 16. Qd4 Bxf3 17. gxf3 c5 18. bxc5 Rc8 19. Rb1 Be7 20. Rb6 O-O 21. Rxa6 Bxc5 22. Qh4 h6 23. Bxh6 Qxe5+ 24. Be3 f6 25. Qh7+ Kf7 26. Kf1 Bxe3 27. fxe3 Rc7 28. Kf2 Qxc3 29. Rc6 Qxc6 0-1


[Site "https://www.chess.com"]

[Event "Titled Tuesday Blitz August 02 Late 2022"]
[White "Wachinger, Nikolas"]
[Black "Przybylski, Wojciech"]
[WhiteFideId "12962791"]
[BlackFideId "1117599"]
[WhiteElo "2253"]
[BlackElo "2133"]
[Result "0-1"]
[Round "09"]
[TimeControl "180+1"]
[Date "2022.08.02"]
[WhiteClock "0:00:02"]
[BlackClock "0:00:20"]

1. d4 Nf6 2. Nf3 d5 3. Bf4 Bg4 4. Ne5 Nbd7 5. Nxg4 Nxg4 6. e4 Ngf6 7. e5 Ng8 8. Bd3 e6 9. O-O Be7 10. Qg4 Kf8 11. c3 h5 12. Qe2 Bg5 13. Bxg5 Qxg5 14. f4 Qg4 15. Qe3 Ne7 16. Nd2 Nf5 17. Qf2 h4 18. Nf3 g6 19. Ng5 Qh5 20. Qf3 Qxf3 21. Rxf3 Ke7 22. g4 Ng7 23. f5 gxf5 24. gxf5 Nxf5 25. Bxf5 Rag8 26. Bh3 Rxg5+ 27. Kh1 c5 28. Raf1 Rg7 29. Rf4 b6 30. a4 a5 31. R1f2 Rhg8 32. Rf1 Rh8 33. R1f2 Rh5 34. Rf1 c4 35. Bg4 Rh6 36. Bh3 Nf8 37. Rf6 Rh5 38. R6f4 Nh7 39. Bg4 Rhg5 40. Bh3 Rh5 41. Bg4 Rh6 42. Rg1 Rhg6 43. h3 Ng5 44. Rgf1 Ne4 45. Kh2 Rg5 46. Re1 Nd2 47. Re2 Ne4 48. Re1 Ng3 49. Re3 R5g6 50. Ref3 Rh6 51. Rf2 Ne4 52. R2f3 Rh8 53. Re3 Ng5 54. Re1 Rb8 55. Ref1 b5 56. Bd1 bxa4 57. R1f2 a3 58. bxa3 Rb1 59. Bc2 Rb2 60. Rxh4 Ne4 61. Re2 Nxc3 62. Rd2 Ne4 63. Re2 Ra2 64. Rg4 Rxg4 65. hxg4 Nc3 66. Rf2 Nd1 67. Re2 Ne3 68. Rxe3 Rxc2+ 69. Kg3 Rb2 70. Re1 Rb3+ 71. Kf4 Rxa3 72. g5 c3 73. g6 fxg6 74. Kg5 c2 75. Kxg6 Rg3+ 0-1


[Site "https://www.chess.com"]

[Event "Titled Tuesday Blitz August 02 Late 2022"]
[White "Wieczorek, Oskar"]
[Black "Djordjevic, Vuk"]
[WhiteFideId "1133950"]
[BlackFideId "902098"]
[WhiteElo "2330"]
[BlackElo "2456"]
[Result "1-0"]
[Round "09"]
[TimeControl "180+1"]
[Date "2022.08.02"]
[WhiteClock "0:00:01"]
[BlackClock "0:00:02"]

1. e4 e6 2. d4 d5 3. Nd2 Be7 4. Bd3 c5 5. dxc5 Nf6 6. Ngf3 a5 7. Qe2 O-O 8. O-O Na6 9. e5 Nd7 10. c4 Naxc5 11. Bc2 f6 12. cxd5 exd5 13. exf6 Bxf6 14. Nb3 a4 15. Nxc5 Nxc5 16. Be3 b6 17. Rfd1 Bg4 18. Rab1 d4 19. h3 Bxf3 20. Qxf3 d3 21. Bxd3 Nxd3 22. Qe4 Re8 23. Qxd3 Qxd3 24. Rxd3 b5 25. b3 a3 26. b4 Rec8 27. Bc5 Ra4 28. Rbb3 Bb2 29. Rd7 Ra6 30. Rb7 Re6 31. Rxb5 Re1+ 32. Kh2 Ra1 33. Ra5 Rxa2 34. Ra7 Ra1 35. f4 Bc1 36. Rg3 Bxf4 37. Rxg7+ Kh8 38. Bd4 Rh1+ 39. Kxh1 h6 40. R7g4+ 1-0


[Site "https://www.chess.com"]

[Event "Titled Tuesday Blitz August 02 Late 2022"]
[White "Wu, Rochelle"]
[Black "Perez Leiva, Jerzy Jesus"]
[WhiteFideId "30908132"]
[BlackFideId "3524337"]
[WhiteElo "2168"]
[BlackElo "2287"]
[Result "0-1"]
[Round "09"]
[TimeControl "180+1"]
[Date "2022.08.02"]
[WhiteClock "0:01:06"]
[BlackClock "0:00:50"]

1. d4 d5 2. c4 e6 3. Nc3 Be7 4. cxd5 exd5 5. Nf3 c6 6. Bf4 Nd7 7. e3 Nf8 8. Bd3 Ne6 9. Bg3 h5 10. h4 Bd6 11. Bxd6 Qxd6 12. Qc2 Nf6 13. Ne5 Ng4 14. Nxg4 hxg4 15. Bf5 g3 16. f3 Qe7 17. O-O-O Rxh4 18. Rxh4 Qxh4 19. e4 dxe4 20. fxe4 g6 21. Bxe6 Bxe6 22. d5 cxd5 23. exd5 Qf4+ 24. Kb1 Bf5 25. Re1+ Kf8 26. Ne4 Re8 27. Qc5+ Kg8 28. Ka1 Bxe4 29. Qb5 Rc8 30. a4 Bxg2 31. Qxb7 Rc1+ 0-1


[Site "https://www.chess.com"]

[Event "Titled Tuesday Blitz August 02 Late 2022"]
[White "Zou, Chen"]
[Black "Manukian, Artak"]
[WhiteFideId "8610959"]
[BlackFideId "13301373"]
[WhiteElo "2276"]
[BlackElo "2451"]
[Result "1/2-1/2"]
[Round "09"]
[TimeControl "180+1"]
[Date "2022.08.02"]
[WhiteClock "0:00:03"]
[BlackClock "0:00:56"]

1. d4 d5 2. c4 dxc4 3. Nf3 Nf6 4. e3 e6 5. Bxc4 c5 6. O-O a6 7. dxc5 Bxc5 8. Qxd8+ Kxd8 9. Be2 Ke7 10. Nbd2 Rd8 11. b3 b5 12. Bb2 Bb7 13. Rac1 Nbd7 14. Rfd1 Rac8 15. Kf1 Ba7 16. a4 bxa4 17. bxa4 Rxc1 18. Rxc1 Rc8 19. Rxc8 Bxc8 20. Nd4 Bb7 21. Nc4 Nd5 22. Na5 Bxd4 23. Bxd4 Bc8 24. Bxg7 f6 25. Bh6 Nc5 26. Nc6+ Kd6 27. Na7 Bd7 28. Bf8+ Ne7 29. a5 Nb3 30. Bxa6 Nxa5 31. Nb5+ Bxb5+ 32. Bxb5 e5 33. Bd3 h5 34. h4 Ke6 35. Bxe7 Kxe7 36. Bg6 Nb3 37. Bxh5 f5 38. Be2 Kf6 39. g3 Nc5 40. Kg2 Ne6 41. Kh3 Nc5 42. g4 fxg4+ 43. Kxg4 Ne4 44. f3 Nc3 45. Ba6 Nd1 46. e4 Ne3+ 47. Kg3 Nc2 48. Bd3 Nd4 49. Bc4 Nc6 50. Bd5 Ne7 51. f4 exf4+ 52. Kxf4 Ng6+ 53. Kg4 Ne5+ 54. Kf4 Ng6+ 55. Kg3 Ne5 56. Bb3 Ng6 57. h5 Ne5 58. Kf4 Nd3+ 59. Ke3 Ne5 1/2-1/2


[Site "https://www.chess.com"]

[Event "Titled Tuesday Blitz August 02 Late 2022"]
[White "Ambartsumova, Karina"]
[Black "Harshavardhan G B"]
[WhiteFideId "4166299"]
[BlackFideId "25059009"]
[WhiteElo "2262"]
[BlackElo "1831"]
[Result "0-1"]
[Round "10"]
[TimeControl "180+1"]
[Date "2022.08.02"]
[WhiteClock "0:00:02"]
[BlackClock "0:00:28"]

1. Nf3 Nf6 2. g3 g6 3. Bg2 Bg7 4. d4 O-O 5. O-O d6 6. b3 e5 7. dxe5 Nfd7 8. Bb2 Nc6 9. c4 Ndxe5 10. Qc1 Re8 11. Nc3 Bg4 12. Rd1 Nxf3+ 13. exf3 Bf5 14. Nd5 Ne5 15. Qd2 Nd7 16. Bxg7 Kxg7 17. Qc3+ Kg8 18. Re1 Be6 19. f4 Bxd5 20. Bxd5 c6 21. Bg2 Qf6 22. Qd2 Nc5 23. Rad1 Rxe1+ 24. Rxe1 Rd8 25. h4 h5 26. Bf3 Ne6 27. Rd1 Kg7 28. Kg2 Rd7 29. Qe3 a6 30. Rd2 Kf8 31. b4 Ng7 32. Qd4 Qxd4 33. Rxd4 c5 34. bxc5 Ne6 35. Rxd6 Ke7 36. Rxd7+ Kxd7 37. Bxb7 Nxc5 38. Bd5 Ke7 39. f3 Na4 40. g4 Nc3 41. Bb7 a5 42. Kg3 Nxa2 43. Bc6 Nc3 44. Kf2 a4 0-1


[Site "https://www.chess.com"]

[Event "Titled Tuesday Blitz August 02 Late 2022"]
[White "Andreikin, Dmitry"]
[Black "Rasulov, Vugar"]
[WhiteFideId "4158814"]
[BlackFideId "13402390"]
[WhiteElo "2736"]
[BlackElo "2523"]
[Result "1-0"]
[Round "10"]
[TimeControl "180+1"]
[Date "2022.08.02"]
[WhiteClock "0:00:20"]
[BlackClock "0:00:02"]

1. d4 d5 2. c4 c6 3. Nf3 Nf6 4. Qc2 e6 5. g3 Nbd7 6. Bg2 Be7 7. O-O O-O 8. Nbd2 b6 9. e4 Ba6 10. e5 Ne8 11. Rd1 Rc8 12. b3 c5 13. Bb2 cxd4 14. Bxd4 Qc7 15. Rac1 b5 16. c5 b4 17. h4 h6 18. a3 bxa3 19. b4 Qb8 20. Qa4 Bb5 21. Qxa3 Nc7 22. Re1 Qb7 23. Nb3 Nb8 24. Na5 Qa8 25. Ra1 Nc6 26. Bc3 Nxa5 27. Qxa5 Bc4 28. Nd4 a6 29. Bf1 Bxf1 30. Rxf1 Qb7 31. Bd2 Ra8 32. Qb6 Rfb8 33. Nc6 Qxb6 34. cxb6 Rxb6 35. Nxe7+ Kf8 36. Rfc1 Nb5 37. Nc8 Rbb8 38. Nd6 Nd4 39. Rd1 Nf3+ 40. Kg2 Nxd2 41. Rxd2 Rxb4 42. Rc2 Kg8 43. Rc7 f6 44. exf6 gxf6 45. Re7 e5 46. Nf5 d4 47. Rc1 d3 48. Rcc7 d2 49. Rg7+ Kf8 50. Rcf7+ Ke8 51. Nd6+ 1-0


[Site "https://www.chess.com"]

[Event "Titled Tuesday Blitz August 02 Late 2022"]
[White "Babazada, Khazar"]
[Black "Yoo, Christopher Woojin"]
[WhiteFideId "13413554"]
[BlackFideId "30909694"]
[WhiteElo "2409"]
[BlackElo "2105"]
[Result "1/2-1/2"]
[Round "10"]
[TimeControl "180+1"]
[Date "2022.08.02"]
[WhiteClock "0:00:44"]
[BlackClock "0:00:07"]

1. e4 c5 2. Nf3 e6 3. d4 cxd4 4. Nxd4 Nc6 5. Nc3 Qc7 6. Nxc6 dxc6 7. f4 e5 8. Qf3 exf4 9. Bxf4 Bd6 10. g3 Nf6 11. Be2 O-O 12. O-O-O Be5 13. h3 Be6 14. Bxe5 Qxe5 15. Qf4 Nd7 16. Bc4 Rfe8 17. Bxe6 Qxe6 18. Rd6 Qe7 19. Rhd1 Ne5 20. Ne2 f6 21. g4 Rad8 22. Rxd8 Rxd8 23. Rxd8+ Qxd8 24. b3 Qe7 25. Kb2 Nf7 26. Qb8+ Nd8 27. Nc3 a6 28. h4 Kf7 29. Qc8 Ne6 30. e5 fxe5 31. Ne4 h5 32. gxh5 Qxh4 33. Nd6+ Kf6 34. Qd7 Qd4+ 35. Kb1 Qd1+ 36. Kb2 Qd4+ 37. Ka3 Qc5+ 38. Kb2 Qd4+ 1/2-1/2


[Site "https://www.chess.com"]

[Event "Titled Tuesday Blitz August 02 Late 2022"]
[White "Bauer, Thomas"]
[Black "Clarke, Brandon G I"]
[WhiteFideId "1639293"]
[BlackFideId "400319"]
[WhiteElo "2220"]
[BlackElo "2414"]
[Result "0-1"]
[Round "10"]
[TimeControl "180+1"]
[Date "2022.08.02"]
[WhiteClock "0:00:29"]
[BlackClock "0:02:02"]

1. e4 e6 2. d4 d5 3. Bd3 Nf6 4. e5 Nfd7 5. c3 c5 6. f4 Nc6 7. Nf3 Qb6 8. O-O cxd4 9. cxd4 Nxd4 10. Nxd4 Qxd4+ 11. Kh1 a6 12. Nc3 Be7 13. Rf3 Qb6 14. Rh3 g6 15. Qa4 Qc6 16. Bb5 axb5 17. Qxa8 O-O 18. Bd2 d4 19. Ne2 Qc2 20. Rc1 Qxd2 21. Rxc8 Qxe2 22. Rxf8+ Bxf8 23. Rf3 Qe1+ 24. Rf1 Qxf1# 0-1


[Site "https://www.chess.com"]

[Event "Titled Tuesday Blitz August 02 Late 2022"]
[White "Bilych, Olexiy"]
[Black "Ghaem Maghami, Ehsan"]
[WhiteFideId "14156504"]
[BlackFideId "12500739"]
[WhiteElo "2189"]
[BlackElo "2627"]
[Result "0-1"]
[Round "10"]
[TimeControl "180+1"]
[Date "2022.08.02"]
[WhiteClock "0:00:08"]
[BlackClock "0:00:25"]

1. e4 c6 2. d4 d6 3. Nf3 Nf6 4. Bd3 Bg4 5. O-O e6 6. Nbd2 d5 7. c3 Be7 8. h3 Bh5 9. Re1 O-O 10. e5 Nfd7 11. Nf1 c5 12. dxc5 Nxc5 13. Bc2 Ne4 14. Bxe4 dxe4 15. Qxd8 Rxd8 16. Nd4 Nd7 17. Ng3 Bg6 18. Nxe4 Nxe5 19. Bg5 f6 20. Bh4 Kf7 21. Rad1 Nc6 22. Nxc6 bxc6 23. f3 Rab8 24. b3 Rd5 25. c4 Rxd1 26. Rxd1 Bxe4 27. fxe4 Bc5+ 28. Bf2 Bxf2+ 29. Kxf2 Ke7 30. Ke3 c5 31. g4 a5 32. Rd3 h5 33. Kf4 g5+ 34. Kg3 hxg4 35. Kxg4 Rh8 36. Re3 Rh4+ 37. Kg3 Rf4 38. e5 f5 39. Re1 Rd4 40. Re3 Rd2 41. Rc3 Rxa2 42. h4 gxh4+ 43. Kxh4 Re2 44. Kg5 Rxe5 45. Rh3 Kd6 46. Rd3+ Kc6 47. Kf6 Re1 48. Rd8 Re3 49. Rc8+ Kd6 50. Rd8+ Kc7 51. Ra8 f4 52. Rxa5 Kb6 53. Rb5+ Kc6 54. Ra5 f3 55. Ra6+ Kb7 56. Ra1 e5 57. Kf5 e4 58. Kf4 Re2 59. Kg3 f2 0-1


[Site "https://www.chess.com"]

[Event "Titled Tuesday Blitz August 02 Late 2022"]
[White "Blanco Ronquillo, Humberto L."]
[Black "Danielyan, Vahe"]
[WhiteFideId "3504239"]
[BlackFideId "13304828"]
[WhiteElo "2423"]
[BlackElo "2419"]
[Result "0-1"]
[Round "10"]
[TimeControl "180+1"]
[Date "2022.08.02"]
[WhiteClock "0:00:03"]
[BlackClock "0:01:23"]

1. e4 Nf6 2. e5 Nd5 3. d4 d6 4. Nf3 Bg4 5. Be2 e6 6. O-O Nc6 7. c4 Nb6 8. exd6 cxd6 9. b3 Be7 10. Bb2 Bf6 11. h3 Bh5 12. Nc3 Bg6 13. Qd2 O-O 14. Rad1 d5 15. c5 Nc8 16. a3 N8e7 17. g4 h6 18. Qe3 a6 19. b4 Kh8 20. Ne5 Bxe5 21. dxe5 d4 22. Qf4 dxc3 23. Rxd8 cxb2 24. Rd2 Nd5 25. Qg3 b1=Q 26. Rxb1 Bxb1 27. Bf3 Nce7 28. Bg2 Rad8 29. f4 Bg6 30. Kh2 Bh7 31. Qf2 f6 32. exf6 Rxf6 33. f5 exf5 34. Qe2 f4 35. Bf3 Bg8 36. Qe5 Ng6 37. Qb2 Nh4 38. Be4 f3 39. Kg3 Rdf8 40. Kxh4 f2 41. Bg2 Ne3 42. Rxf2 Rxf2 43. Bxb7 Rxb2 0-1


[Site "https://www.chess.com"]

[Event "Titled Tuesday Blitz August 02 Late 2022"]
[White "Bortnyk, Olexandr"]
[Black "Nakamura, Hikaru"]
[WhiteFideId "14120828"]
[BlackFideId "2016192"]
[WhiteElo "2723"]
[BlackElo "2850"]
[Result "1-0"]
[Round "10"]
[TimeControl "180+1"]
[Date "2022.08.02"]
[WhiteClock "0:00:04"]
[BlackClock "0:00:32"]

1. e4 e5 2. Bc4 Nf6 3. d3 c6 4. Nf3 d5 5. Bb3 Bb4+ 6. Bd2 Bxd2+ 7. Nbxd2 a5 8. a3 Nbd7 9. Qe2 a4 10. Ba2 O-O 11. Nf1 Re8 12. Ng3 Nf8 13. O-O-O Ng6 14. Qd2 h6 15. h3 Be6 16. Kb1 b5 17. Rhe1 Qd7 18. exd5 Bxd5 19. Bxd5 cxd5 20. d4 e4 21. Ne5 Nxe5 22. dxe5 Rxe5 23. Ne2 Rc8 24. g4 Nh7 25. Nd4 Ng5 26. f4 e3 27. Qd3 Nxh3 28. fxe5 Nf2 29. Qf5 Qxf5 30. Nxf5 Nxd1 31. Ne7+ Kf8 32. Nxc8 Nf2 33. Rxe3 Nxg4 34. Re2 h5 35. Nb6 h4 36. Rg2 Nxe5 37. Nxd5 f6 38. Rh2 g5 39. Nxf6 Kf7 40. Ne4 Kg6 41. b3 Kf5 42. Nf2 Kf4 43. Rh3 Nf3 44. bxa4 bxa4 45. Kc1 g4 46. Rh1 Kg3 47. Ne4+ Kf4 48. Nd2 Ne5 49. Rxh4 Ke3 50. Rh5 Nc6 51. Rg5 Kf4 52. Rg8 g3 53. c4 Nd4 54. c5 Ne6 55. c6 Ng5 56. c7 g2 57. Rxg5 Kxg5 58. Nf3+ 1-0


[Site "https://www.chess.com"]

[Event "Titled Tuesday Blitz August 02 Late 2022"]
[White "Chigaev, Maksim"]
[Black "Domingo Nunez, Ruben"]
[WhiteFideId "4108116"]
[BlackFideId "22245570"]
[WhiteElo "2438"]
[BlackElo "2373"]
[Result "1-0"]
[Round "10"]
[TimeControl "180+1"]
[Date "2022.08.02"]
[WhiteClock "0:00:14"]
[BlackClock "0:00:02"]

1. Nf3 g6 2. g3 Bg7 3. Bg2 c5 4. O-O Nc6 5. d3 d5 6. e4 dxe4 7. dxe4 Qxd1 8. Rxd1 Bg4 9. c3 Ne5 10. Nbd2 O-O-O 11. Nxe5 Bxe5 12. Re1 Nf6 13. h3 Be6 14. Nf3 Bc7 15. Ng5 Bc4 16. e5 Ne8 17. b3 Be6 18. Nxe6 fxe6 19. Bg5 Rd7 20. Bh6 Rg8 21. h4 Ba5 22. Bh3 Nc7 23. Rac1 Rd3 24. b4 Bb6 25. Kg2 Kb8 26. a4 a5 27. b5 Rgd8 28. Bg5 R8d7 29. c4 Ra3 30. Ra1 Rc3 31. Rec1 Rcd3 32. Bg4 h5 33. Bf3 R3d4 34. Be3 Ne8 35. Bxd4 Rxd4 36. Rd1 Rxc4 37. Rd7 Nc7 38. Ra2 Rd4 39. Rxe7 c4 40. Rc2 Bc5 41. Rf7 Bb4 42. b6 Nd5 43. Bxd5 Rxd5 44. Rxc4 Rxe5 45. Rxb4 1-0


[Site "https://www.chess.com"]

[Event "Titled Tuesday Blitz August 02 Late 2022"]
[White "Culum, Sanjin"]
[Black "Koelle, Tobias"]
[WhiteFideId "14420937"]
[BlackFideId "16207378"]
[WhiteElo "2013"]
[BlackElo "2541"]
[Result "0-1"]
[Round "10"]
[TimeControl "180+1"]
[Date "2022.08.02"]
[WhiteClock "0:00:14"]
[BlackClock "0:01:56"]

1. Nf3 g6 2. b3 Bg7 3. d4 c5 4. e3 cxd4 5. exd4 Nf6 6. Bb2 O-O 7. Be2 b6 8. O-O Bb7 9. Nbd2 d6 10. c4 Nbd7 11. Bd3 Rc8 12. Re1 Re8 13. d5 Nc5 14. Bc2 Rc7 15. Nd4 Qa8 16. b4 Ncd7 17. Ba4 a6 18. Bc6 b5 19. cxb5 Nxd5 20. Qb3 axb5 21. Qxd5 Bxc6 22. Nxc6 Qxc6 23. Qxc6 Rxc6 24. Bxg7 Kxg7 25. Rac1 Rxc1 26. Rxc1 Ra8 27. Rc2 Nb6 28. Nb3 Nd5 29. Nd4 Nxb4 30. Rb2 Rxa2 31. Rxa2 Nxa2 32. Nxb5 Nb4 33. Kf1 Nd3 34. Ke2 Nc5 35. Ke3 Kf6 36. Nc7 e6 37. Nb5 Ke7 38. f4 Nd7 39. Nd4 Nf6 40. Kf3 Nd5 41. Ke4 f5+ 42. Kf3 Nxf4 43. Nc6+ Kd7 44. Nb8+ Kc7 45. Na6+ Kb7 46. Nb8 Kxb8 47. Kxf4 Kc7 48. Kg5 d5 49. h4 d4 50. Kf4 e5+ 51. Kf3 d3 52. Ke3 e4 53. g4 Kd6 54. h5 Ke5 55. hxg6 hxg6 56. gxf5 gxf5 0-1


[Site "https://www.chess.com"]

[Event "Titled Tuesday Blitz August 02 Late 2022"]
[White "Djordjevic, Vuk"]
[Black "Ovchinnikov, Vsevolod"]
[WhiteFideId "902098"]
[BlackFideId "24176842"]
[WhiteElo "2456"]
[BlackElo "2376"]
[Result "1-0"]
[Round "10"]
[TimeControl "180+1"]
[Date "2022.08.02"]
[WhiteClock "0:00:05"]
[BlackClock "0:00:07"]

1. d4 Nf6 2. Bg5 d5 3. Bxf6 gxf6 4. e3 h5 5. c4 dxc4 6. Bxc4 e6 7. Nf3 b6 8. Nc3 Bb7 9. d5 Qd7 10. Qb3 e5 11. Rd1 a6 12. a4 Bd6 13. Ne4 Qe7 14. Nh4 Bc8 15. Ng3 Qd8 16. O-O Nd7 17. Qc2 Nf8 18. Ngf5 Rg8 19. Be2 Ng6 20. Nh6 Rg7 21. Nxf7 Kxf7 22. Bxh5 f5 23. Nxf5 Bxf5 24. Qxf5+ Qf6 25. Qg4 Rh8 26. f4 exf4 27. exf4 Kg8 28. Bxg6 Rxg6 29. Qf3 Kg7 30. g3 Rgh6 31. h4 Qf7 32. Rf2 Rg6 33. Kf1 Rhh6 34. Re2 Kh7 35. Rd3 Rf6 36. Qe4+ Rhg6 37. h5 Rf5 38. hxg6+ Qxg6 39. Rde3 Kg7 40. Qe6 Qg4 41. Qd7+ Kh6 42. Re6+ Kh5 43. Rh2+ Qh3+ 44. Rxh3+ Kg4 45. Kg2 Rxf4 46. Rg6# 1-0


[Site "https://www.chess.com"]